 Dungeon Crawl Stone Soup version 0.30-a0-358-g0d69a1922f (webtiles) character file.

Game seed: 10112533492370425394

50 oldriver the Ogre Mage (level 3, 0/36 HPs)
             Began as an Ogre Transmuter on Nov 9, 2022.
             Slain by a gnoll
             ... wielding a +0 spear
              (4 damage)
             ... on level 2 of the Dungeon.
             The game lasted 00:02:14 (1293 turns).

oldriver the Ogre Mage (Ogre Transmuter)            Turns: 1293, Time: 00:02:14

Health: 0/36       AC:  3    Str: 14    XL:     3   Next: 79%
Magic:  4/7        EV:  9    Int: 16    God:
Gold:   59         SH:  0    Dex:  9    Spells: 5/8 levels left

rFire   . . .      SeeInvis .      - Unarmed
rCold   . . .      Faith    .    (no shield)
rNeg    . . .      Spirit   .    a - +0 robe
rPois   .          Reflect  .    (helmet currently unavailable)
rElec   .          Harm     .    (no cloak)
rCorr   .          Rampage  .    (gloves unavailable)
Will    .....                    (boots unavailable)
Stlth   +.........               (no amulet)
HPRegen 0.26/turn                (no ring)
MPRegen 0.10/turn                (no ring)

@: appendages, wereblooded
A: horns 2, talons 2, large, unfitting armour, tough skin 1
a: End Transformation


You were on level 2 of the Dungeon.
You had temporarily grown beastly horns and talons.
You visited 1 branch of the dungeon, and saw 2 of its levels.

You collected 59 gold pieces.

Inventory:

Armour
 a - a +0 robe (worn)
Jewellery
 d - a ring of positive energy
Scrolls
 c - a scroll of identify {unknown}
 e - a scroll of enchant weapon {unknown}
 g - a scroll of immolation {unknown}
 h - a scroll of vulnerability {unknown}
 j - a scroll of enchant armour {unknown}
Potions
 b - a potion of lignification
 f - a potion of flight {unknown}
 i - 2 potions of mutation {unknown}


   Skills:
 + Level 2.6 Fighting
 - Level 1.7 Dodging
 - Level 2.6 Unarmed Combat
 + Level 3.0 Spellcasting
 * Level 2.8 Transmutations


You had 5 spell levels left.
You knew the following spells:

 Your Spells              Type           Power      Damage    Failure   Level
a - Beastly Appendage     Tmut           22%        N/A       6%          1
b - Wereblood             Tmut           11%        N/A       9%          2

Your spell library contained the following spells:

 Spells                   Type           Power      Damage    Failure   Level
 Passwall                 Tmut/Erth      5%         N/A       16%         2
 Apportation              Tloc           4%         N/A       19%         1
 Ensorcelled Hibernation  Hex/Ice        4%         N/A       28%         2
 Spider Form              Tmut/Pois      7%         N/A       30%         3
 Swiftness                Air            2%         N/A       50%         3
 Ice Form                 Ice/Tmut       7%         N/A       71%         4


Dungeon Overview and Level Annotations

Branches:
Dungeon (2/15)

Altars:

Shops:
D:1 [

Annotations:
D:1 2 runed translucent doors


Innate Abilities, Weirdness & Mutations

You have temporarily grown beastly horns and talons.
You are too large for most types of armour.
You have tough skin. (AC +1)


Message History

You kill the frilled lizard!
No target in view!
No target in view!
Your transformation is almost over.
Your horns disappear.
Your talons disappear.
Found a hand axe.
A gnoll is nearby!
A gnoll is nearby!
A gnoll is nearby!
You grow a pair of large bovine horns.
Your feet morph into talons.
The gnoll shouts!
You hear a shout! x3
Casting: Beastly Appendage (safe; 6% risk of failure)
Confirm with . or Enter, or press ? or * to list all spells.
Your blood is infused with primal strength.
You fail to extend your transformation any further.
The gnoll hits you from afar with a +4 spear.
The gnoll hits you with a +4 spear.
The gnoll hits you from afar with a +0 spear!
You hit the gnoll. You claw the gnoll. Your headbutt misses the gnoll.
The gnoll is severely wounded.
The gnoll hits you with a +4 spear.
The gnoll hits you from afar with a +0 spear.
* * * LOW HITPOINT WARNING * * *
You hit the gnoll.
You feel a bit better.
You kill the gnoll!
The gnoll completely misses you. The gnoll hits you with a +0 spear.
* * * LOW HITPOINT WARNING * * *
Things that are here:
a +4 spear; a gnoll corpse You barely miss the gnoll.
The gnoll completely misses you.
You hit the gnoll but do no damage. You headbutt the gnoll.
The gnoll is lightly wounded.
You howl as the wereblood boils in your veins!
The gnoll hits you with a +0 spear!
* * * LOW HITPOINT WARNING * * *
You closely miss the gnoll.
The gnoll is lightly wounded.
The gnoll hits you with a +0 spear.
You die...

# .. . #. .## ..#.## #..
....### ####.# # .....
.....#######.# #...
...........g(#
#..######..?.......# #.
#......@g......# #
#.###.#####.#.###.###.#.#
##.# #..# #.#...........#
..# ##.# #.###.g.......#
#.# #.# #)# #.#g#####.#
##.## #.####.# #.#.##
######...###......#
#....##
#.............#####
#..g..# #.#
.####...####.# #.....#
#.#


You could see a gnoll.

Vanquished Creatures
  A gnoll (D:2)
  A dart slug (D:1)
  7 endoplasms
  A giant cockroach (D:1)
  2 goblins (D:1)
  2 hobgoblins (D:1)
  5 jackals (D:1)
  2 kobolds (D:1)
  2 quokkas
  2 ball pythons (D:1)
  2 bats (D:1)
  2 frilled lizards (D:2)
  5 rats (D:1)
34 creatures vanquished.

Notes
Turn   | Place    | Note
-------+----------+-------------------------------------------
     0 | D:1      | oldriver the Ogre Transmuter began the quest for the Orb.
     0 | D:1      | Reached XP level 1. HP: 19/19 MP: 3/3
   132 | D:1      | HP: 1/20 [frozen (4)]
   134 | D:1      | Reached XP level 2. HP: 2/28 MP: 3/5
   267 | D:1      | Found a large runed translucent door.
   267 | D:1      | Found a large runed translucent door.
   274 | D:1      | Noticed an orc warrior
   443 | D:1      | Reached XP level 3. HP: 27/35 MP: 7/7
   508 | D:1      | Found a faded altar of an unknown god.
   508 | D:1      | Found Wovyuqi's Armour Shop.
   560 | D:1      | Got Plato's Folio of the Voyage
  1048 | D:2      | Learned a level 2 spell: Wereblood
  1118 | D:2      | Reached skill level 3 in Spellcasting
  1293 | D:2      | Slain by a gnoll

Illustrated notes

Levels and vault maps discovered:
D:1:      erik_arrival_cave_to_civilisation [erik_arrival_cave_to_temple],
          layout_rooms, shapermc_ecumenical_altar_rom_forum, serial_shops,
          shop_fountains
D:2:      layout_loops_ring, serial_shops, nicolae_shop_window_shopping

Skill      XL: |  1  2  3 |
---------------+----------+-----
Transmutations | 2 |  2.8
Fighting       | 2 |  2.6
Spellcasting   | 3 |  3.0
Dodging        | |  1.7
Unarmed Combat | |  2.6

Action                   || total
-------------------------++-------
Melee: Unarmed           ||   115
       Kick              ||    17
       Headbutt          ||     8
 Cast: Beastly Appendage ||    22
       Wereblood         ||     2
Armor: Robe              ||    30
Dodge: Dodged            ||    52

Table legend: (Time is in decaauts)
 A = Elapsed time spent in this place.
 B = Non-inter-level travel time spent in this place.
 C = Inter-level travel time spent in this place.
 D = Time resting spent in this place.
 E = Time spent auto-exploring this place.
 F = Levels seen in this place.
 G = Mean time per level.
                   A        B        C        D        E       F      G
               +--------+--------+--------+--------+--------+-----+--------+
         Total |   1288 |   1229 |     59 |    108 |    818 |   2 |  644.0 |
       Dungeon |   1288 |   1229 |     59 |    108 |    818 |   2 |  644.0 |
               +--------+--------+--------+--------+--------+-----+--------+

Top non-repeatable levels by time:
     D:1: 1047 daAuts
     D:2: 241 daAuts
